 Dungeon Crawl Stone Soup version 0.28.0-53-g5a82cb258f (webtiles) character file.

Game seed: 462341274401904155

8 quokkamancerX the Cudgeller (level 2, -2/28 HPs)
             Began as a Naga Berserker on June 8, 2022.
             Was a Follower of Trog.
             Killed from afar by a dart slug (4 damage)
             ... with a slug dart
             ... on level 1 of the Dungeon.
             The game lasted 00:01:06 (299 turns).

quokkamancerX the Cudgeller (Naga Berserker)         Turns: 299, Time: 00:01:06

Health: -2/28      AC:  1    Str: 19    XL:     2   Next: 8%
Magic:  2/2        EV:  9    Int:  7    God:    Trog [*.....]
Gold:   6          SH:  0    Dex: 10    Spells: 1/1 levels left

rFire   . . .      SeeInvis +   a - +0 mace
rCold   . . .      Faith    .   (no shield)
rNeg    . . .      Spirit   .   b - +0 animal skin
rPois   +          Reflect  .   (no helmet)
rElec   .          Harm     .   (no cloak)
rCorr   .          Rampage  .   (no gloves)
Will    .....                   (no barding)
Stlth   +.........              (no amulet)
HPRegen 0.09/turn               (no ring)
MPRegen 0.08/turn               (no ring)

@: short of breath, very slow
A: AC +0, large, see invisible, deformed body, poison resistance, slowness 2,
spit poison 1, naga tail 1
a: Spit Poison, Renounce Religion, Berserk


You were on level 1 of the Dungeon.
You worshipped Trog.
Trog was aware of your devotion.
You visited 1 branch of the dungeon, and saw 1 of its levels.

You collected 6 gold pieces.

Inventory:

Hand Weapons
 a - a +0 mace (weapon)
Armour
 b - a +0 animal skin (worn)
Scrolls
 c - a scroll of identify {unknown}
 d - a scroll of vulnerability {unknown}


   Skills:
 - Level 3.0 Fighting
 + Level 3.5 Maces & Flails
 - Level 1.5 Armour
 - Level 1.5 Dodging


You had one spell level left.
You didn't know any spells.
Your spell library was empty.

Dungeon Overview and Level Annotations

Branches:
Dungeon (1/15)

Altars:


Innate Abilities, Weirdness & Mutations

Your serpentine skin is tough. (AC +0)
You have supernaturally acute eyesight. (SInv)
Armour fits poorly on your strangely shaped body.
Your system is resistant to poisons. (rPois)
You cover ground very slowly.
You can spit poison.
You have a snake-like lower body.


Message History

The ball python bites you. The rat bites you. The quokka barely misses you.
The dart slug launches a dart at you. The slug dart hits you.
You hit the quokka.
The quokka is moderately wounded.
The quokka barely misses you.
You sock the quokka!
You kill the quokka!
Trog accepts your kill. The ball python barely misses you.
The ball python bites you but does no damage.
You have reached level 2!
You closely miss the rat. The rat bites you but does no damage.
The ball python bites you.
You barely miss the rat. The rat misses you. The ball python bites you.
The rat barely misses you. The ball python misses you.
You hit the rat.
You kill the rat!
Trog accepts your kill. The ball python closely misses you.
You hit the ball python. Your punch misses the ball python.
The ball python is severely wounded.
The ball python bites you. x2
* * * LOW HITPOINT WARNING * * *
You closely miss the ball python.
The ball python is heavily wounded.
The ball python bites you.
* * * LOW HITPOINT WARNING * * *
The ball python bites you.
* * * LOW HITPOINT WARNING * * *
Aiming: Spit Poison (2% risk of failure)
Press: ? - help, Shift-Dir - straight line, f - ball python
Aim: a ball python (heavily wounded, 54% to hit)
The splash of poison hits the ball python.
You kill the ball python!
Trog accepts your kill. The dart slug launches a dart at you.
The slug dart hits you.
You die...

#######...#####.##.##
#....................
...............##.##
..>............##.##
#.###....#.###.##.##
#. #..........##.##
..###.
#....#.###.##.#.
......###....#.#
#...... #.@.....#.#
####.## #.##w.....#
#. #....$.>###### #.
#....##.# #..⌠.......
#.....##.....
#.....##.#... #.
##.......#. . #.
##.#..


You could see a dart slug.

Vanquished Creatures
  A dart slug (D:1)
  A ball python (D:1)
  A quokka (D:1)
  2 bats (D:1)
  2 frilled lizards (D:1)
  2 rats (D:1)
9 creatures vanquished.

Vanquished Creatures (others)
  A plant (D:1)
1 creature vanquished.

Grand Total: 10 creatures vanquished

Notes
Turn   | Place    | Note
-------+----------+-------------------------------------------
     0 | D:1      | quokkamancerX the Naga Berserker began the quest for the
                  | Orb.
     0 | D:1      | Reached XP level 1. HP: 21/21 MP: 1/1
   293 | D:1      | Reached XP level 2. HP: 15/28 MP: 2/2
   299 | D:1      | Killed from afar by a dart slug

Illustrated notes

Levels and vault maps discovered:
D:1:      dpeg_arrival_radiant, layout_loops_cross,
          ebering_ecumenical_altar_abandoned, serial_forest,
          infiniplex_forest_lined_2, infiniplex_forest_clump_curved,
          infiniplex_forest_lined_room_, infiniplex_forest_lined_room_2,
          infiniplex_forest_split, hangedman_feature_mirror

Action                   || total
-------------------------++-------
Melee: Mace              ||    24
 Abil: Spit Poison       ||     2
Armor: Animal skin       ||    12
Dodge: Dodged            ||    24
